 Dungeon Crawl Stone Soup version 0.31-a0-204-g7da18cac08 (webtiles) character file.

Game seed: 17620631403872109806

17918 bmack86 the Fighter (level 12, -5/118 HPs)
             Began as a Minotaur Fighter on June 27, 2023.
             Was an Initiate of Gozag.
             Slain by a +1 broad axe of chaos (20 damage)
             ... on level 12 of the Dungeon.
             The game lasted 00:37:24 (12853 turns).

bmack86 the Fighter (Minotaur Fighter)             Turns: 12853, Time: 00:37:25

Health: -5/118     AC: 24    Str: 27    XL:     12   Next: 23%
Magic:  11/11      EV:  7    Int:  5    God:    Gozag
Gold:   1994       SH:  6    Dex:  9    Spells: 11/11 levels left

rFire   . . .        E - +0 war axe
rCold   . . .        c - +0 buckler
rNeg    . . .        o - +0 plate armour
rPois   .            (helmet restricted)
rElec   .            C - +0 cloak
rCorr   .            (no gloves)
SInv    .            (no boots)
Will    .....        (no amulet) Stlth
                     q - +4 ring of protection
HPRegen 0.39/turn    J - +4 ring of protection
MPRegen 0.12/turn

%: no passive effects
@: mighty, brilliant
A: horns 2, retaliatory headbutt
a: Renounce Religion, Potion Petition, Call Merchant, Bribe Branch


You were on level 12 of the Dungeon.
You worshipped Gozag.
Gozag was most pleased with you.
You visited 2 branches of the dungeon, and saw 13 of its levels.
You also visited: Sewer.

You collected 2975 gold pieces.
You paid 981 gold pieces to Gozag.

Inventory:

Hand Weapons
 a - a +0 war axe of chaos
 E - a +0 war axe (weapon)
Missiles
 f - a throwing net
 m - 11 boomerangs
 n - 44 poisoned darts
 r - 9 javelins
 G - 4 curare-tipped darts
Armour
 c - a +0 buckler (worn)
 o - a +0 plate armour (worn)
 B - a scarf of repulsion
 C - a +0 cloak (worn)
 H - a +0 pair of gloves
Jewellery
 q - a +4 ring of protection (left hand)
 s - a ring of protection from cold
 t - a ring of magical power
 u - a ring of resist corrosion
 F - a ring of ice
 J - a +4 ring of protection (right hand)
Wands
 e - a wand of polymorph (10) (quivered)
 p - a wand of flame (4)
 z - a wand of roots (1)
 L - a wand of mindburst (8)
Scrolls
 g - 2 scrolls of blinking
 h - 2 scrolls of revelation
 k - a scroll of enchant armour
 v - a scroll of fog
 w - a scroll of butterflies
 y - a scroll of teleportation
 M - a scroll of amnesia
Potions
 b - a potion of magic
 i - 4 potions of curing
 j - 2 potions of mutation
 l - 2 potions of haste
 x - 2 potions of enlightenment
 A - 2 potions of attraction
 D - 3 potions of lignification
 I - a potion of berserk rage
 K - a potion of heal wounds


   Skills:
 * Level 14.3 Fighting
 - Level 14.0 Axes
 + Level 10.6 Armour
 + Level 10.6 Shields


You had 11 spell levels left.
You didn't know any spells.
Your spell library contained the following spells:

 Spells                   Type           Power      Damage    Failure   Level
 Apportation              Tloc           0%         N/A       99%         1
 Necrotise                Necr           0%         1d4       99%         1
 Summon Small Mammal      Summ           0%         N/A       99%         1
 Lesser Beckoning         Tloc           0%         N/A       100%        2
 Call Canine Familiar     Summ           0%         N/A       100%        3
 Gell's Gravitas          Tloc           0%         N/A       100%        3
 Ozocubu's Armour         Ice            0%         N/A       100%        3
 Portal Projectile        Hex/Tloc       0%         N/A       100%        3
 Teleport Other           Tloc           0%         N/A       100%        3
 Vhi's Electric Charge    Tloc/Air       0%         N/A       100%        3
 Anguish                  Hex/Necr       0%         N/A       100%        4
 Cause Fear               Hex            0%         N/A       100%        4
 Leda's Liquefaction      Hex/Erth       0%         N/A       100%        4
 Arcjolt                  Conj/Air       0%         1d10      100%        5
 Plasma Beam              Fire/Air       0%         2x1d10    100%        6
 Enfeeble                 Hex            0%         N/A       100%        7
 Ozocubu's Refrigeration  Ice            0%         4d7       100%        7


Dungeon Overview and Level Annotations

Branches:
Dungeon (12/15)            Temple (1/1) D:4            Lair (0/5) D:10
    Orc (0/2) D:11          Sewer (visited)

Altars:
Ashenzari
Cheibriados
Dithmenos
Elyvilon
Fedhas
Gozag
Hepliaklqana
Kikubaaqudgha
Makhleb
Nemelex Xobeh
Okawaru
Qazlal
Ru
Sif Muna
Trog
Uskayaw
Vehumet
Wu Jian
Xom
Yredelemnul
Zin
The Shining One

Annotations:
D:12 Ledomor's ghost, novice GrMo


Innate Abilities, Weirdness & Mutations

You have a pair of horns on your head.
You reflexively headbutt those who attack you in melee.


Message History

You kill the kobold!
The +1 broad axe of chaos is distracted by your dazzling golden aura.
Found a stone staircase leading down.
You now have 1950 gold pieces (gained 7).
You see here a +0 dagger.
Ledomor's ghost is no longer distracted by gold.
You now have 1964 gold pieces (gained 14).
Items here: )) [[.
The +1 broad axe of chaos is no longer distracted by gold.
You now have 1970 gold pieces (gained 6).
G - 4 curare-tipped darts (gained 1)
You see here a +0 whip.
Ledomor's ghost says, "I sacrificed my body for ultimate power!"
You now have 1985 gold pieces (gained 15).
n - 44 poisoned darts (gained 6)
Things that are here:
a +0 short sword; a +0 short sword; 4 stones You now have 1988 gold pieces (gained 3).
Things that are here:
a +0 dagger; a +0 robe
Things that are here:
a +0 short sword; a +0 short sword; 4 stones You now have 1994 gold pieces (gained 6).
You see here a +0 dagger.
Things that are here:
a +0 short sword; a +0 short sword; 4 stones You see here a +0 whip.
You see here a +0 dagger.
You open the door. The +1 broad axe of chaos hits you!
* * * LOW HITPOINT WARNING * * *
The +1 broad axe of chaos burns you.
* * * LOW HITPOINT WARNING * * *
You feel mightier all of a sudden. The +1 broad axe of chaos hits you!
* * * LOW HITPOINT WARNING * * *
You closely miss the +1 broad axe of chaos.
Your headbutt misses the +1 broad axe of chaos.
The +1 broad axe of chaos hits you!!
You die...
Your body crumbles into a pile of gold.

........# #........+
#........# ######+#
#........# ........
#...<....# ........
#........### ........
#........#:## ........
#....>..@(W.# ........
###+##.)#[## ########
#.##))### ##....
#..))## #..### ####.)#
####'#### ######'##
#........ #.......#
#........ #.......#####
#........
#.......'...###........


You could see a +1 broad axe of chaos and Ledomor's ghost.

Vanquished Creatures
  Snorg (D:10)
  Fannar (D:11)
  4 two-headed ogres
  Nergalle (D:12)
  Amaemon (D:7)
  An ugly thing (D:11)
  2 cyclopes (D:12)
  Maurice (D:10)
  Joseph (D:8)
  An orange demon (D:8)
  2 komodo dragons (D:10)
  2 kobold demonologists (D:12)
  3 trolls
  3 slime creatures (D:12)
  A wraith (D:11)
  24 yaks
  A vampire (D:9)
  3 steam dragons
  A basilisk (D:11)
  An acid dragon (D:9)
  A warg (D:11)
  A water moccasin (D:8)
  A sky beast (D:8)
  5 orc warriors
  3 ice beasts
  A black bear (D:5)
  An ogre (D:6)
  2 centaurs
  A phantom (D:4)
  7 kobold brigands
  8 bullfrogs
  3 scorpions
  12 wights
  5 electric eels (D:10)
  2 gnoll boudas
  3 jellies
  4 orc priests
  5 hounds
  A sleepcap (D:6)
  5 orc wizards
  4 iguanas
  15 adders
  20 gnolls
  2 shadow imps
  3 ufetubi
  3 worms
  3 dart slugs
  42 orcs
  15 ball pythons
  4 bats
  16 endoplasms
  9 giant cockroaches
  6 goblins
  6 hobgoblins
  7 jackals
  10 quokkas
  15 frilled lizards
  33 kobolds
  6 rats
345 creatures vanquished.

Notes
Turn   | Place    | Note
-------+----------+-------------------------------------------
     0 | D:1      | bmack86 the Minotaur Fighter began the quest for the Orb.
     0 | D:1      | Reached XP level 1. HP: 19/19 MP: 0/0
   147 | D:1      | Reached XP level 2. HP: 26/26 MP: 1/1
   472 | D:1      | Found Jegg's Distillery.
   516 | D:1      | Found a faded altar of an unknown god.
  1012 | D:2      | Reached XP level 3. HP: 31/31 MP: 2/2
  1524 | D:2      | Reached skill level 5 in Axes
  1802 | D:3      | Reached XP level 4. HP: 34/39 MP: 3/3
  2041 | D:3      | Reached XP level 5. HP: 19/45 MP: 4/4
  2258 | D:3      | Identified the +7 dagger "Gacamogh" {elec, Str+5}
  2947 | D:4      | Reached XP level 6. HP: 51/51 MP: 5/5
  3560 | D:4      | Found a staircase to the Ecumenical Temple.
  3570 | Temple   | Entered the Ecumenical Temple
  3634 | Temple   | Became a worshipper of Gozag Ym Sagoz the Greedy
  3762 | D:5      | Entered Level 5 of the Dungeon
  3793 | D:5      | Reached XP level 7. HP: 53/57 MP: 6/6
  3913 | D:5      | Reached skill level 10 in Axes
  4165 | D:5      | Reached XP level 8. HP: 64/64 MP: 7/7
  4829 | D:6      | Found a glowing drain.
  4876 | Sewer    | Entered a sewer
  6174 | D:7      | Reached XP level 9. HP: 66/70 MP: 8/8
  6622 | D:7      | Reached skill level 5 in Fighting
  6854 | D:8      | Noticed Amaemon
  6858 | D:8      | Noticed an orange demon
  6884 | D:7      | Killed Amaemon
  6885 | D:7      | Reached skill level 5 in Armour
  6885 | D:7      | Reached skill level 5 in Shields
  7104 | D:8      | Killed an orange demon
  7196 | D:8      | Reached XP level 10. HP: 44/88 MP: 9/9
  7402 | D:8      | Found a broken altar of Ashenzari.
  7402 | D:8      | Found a white marble altar of Elyvilon.
  7564 | D:8      | Identified the +1 robe "Xutwausu" {Will+}
  7683 | D:8      | Noticed Joseph
  7692 | D:8      | Killed Joseph
  8548 | D:9      | Noticed a two-headed ogre
  8556 | D:9      | Killed a two-headed ogre
  8557 | D:9      | Reached skill level 10 in Fighting
  8576 | D:9      | Identified the +0 leather armour "Zilauhat" {rElec Str+4}
  9102 | D:9      | Found a bloodstained altar of Trog.
  9103 | D:9      | Found an iron altar of Okawaru.
  9219 | D:10     | Entered Level 10 of the Dungeon
  9263 | D:10     | Reached XP level 11. HP: 79/102 MP: 10/10
  9279 | D:10     | Found a staircase to the Lair.
  9910 | D:10     | Noticed a two-headed ogre
  9930 | D:10     | Killed a two-headed ogre
 10078 | D:10     | Noticed Snorg
 10135 | D:10     | Killed Snorg
 10231 | D:10     | Noticed Maurice
 10277 | D:10     | Killed Maurice
 11177 | D:11     | Noticed Fannar
 11191 | D:11     | Killed Fannar
 11232 | D:11     | Found a staircase to the Orcish Mines.
 11301 | D:11     | Noticed a purple ugly thing
 11318 | D:11     | Killed a purple ugly thing
 11321 | D:11     | Found a glowing golden altar of the Shining One.
 11537 | D:11     | Noticed Sonja
 11538 | D:11     | Sonja changed into Sonja the basilisk
 11538 | D:11     | Noticed Sonja
 11549 | D:11     | Killed Sonja the basilisk
 11969 | D:12     | Noticed a two-headed ogre
 11977 | D:12     | Killed a two-headed ogre
 12138 | D:12     | Noticed a two-headed ogre
 12157 | D:12     | Killed a two-headed ogre
 12158 | D:12     | Reached skill level 10 in Armour
 12158 | D:12     | Reached skill level 10 in Shields
 12339 | D:12     | Reached XP level 12. HP: 43/116 MP: 11/11
 12798 | D:12     | Noticed Nergalle
 12802 | D:12     | Found a runed translucent door.
 12802 | D:12     | Found a shimmering altar of Xom.
 12802 | D:12     | Noticed Ledomor's ghost (novice GrMo)
 12816 | D:12     | Killed Nergalle
 12853 | D:12     | Slain by a +1 broad axe of chaos

Illustrated notes

Levels and vault maps discovered:
D:1:      ebering_trefoil_3fold, layout_basic,
          hellmonk_ecumenical_altar_crossroads, serial_shops,
          nicolae_shop_statue_plus
D:2:      minmay_diamond_boxcup, layout_basic, kennysheep_potato
D:3:      layout_basic, minmay_misc_feat_columns
D:4:      layout_basic, lemuel_temple_firewalk_b, st_stairs_4
D:5:      layout_basic, guppyfry_early_lair_pool
D:6:      layout_layer_cave, cheibrodos_sewer_entry_bend
D:7:      layout_basic
D:8:      layout_basic, jmf_multi_god_temple, uniq_amaemon, uniq_joseph
D:9:      layout_cross, grunt_temple_overflow_bloody_war
D:10:     wad_lake_hut, layout_basic, david_lair_shrubbed, uniq_maurice,
          uniq_snorg
D:11:     layout_basic, david_orc_3, tso_oasis_becter, uniq_sonja, uniq_fannar
D:12:     layout_roguey, ebering_ghost_xom, uniq_nergalle
Temple:   dpeg_three_leaves_temple

Skill      XL: |  1  2  3  4  5  6  7  8  9 10 11 12 |
---------------+-------------------------------------+-----
Axes           | 3 4 5 6 7 9 11 14 | 14.0
Fighting       | 7 11 13 14 | 14.3
Armour         | 6 8 10 | 10.6
Shields        | 6 8 10 | 10.6

Action                     |  1- 3 |  4- 6 |  7- 9 | 10-12 || total
---------------------------+-------+-------+-------+-------++-------
  Melee: War axe           |    83 |   125 |   256 |   439 ||   903
         Headbutt          |    12 |    21 |    34 |   111 ||   178
         Unarmed           |       |       |    16 |       ||    16
  Throw: Javelin           |       |       |     4 |     1 ||     5
         Boomerang         |       |       |       |     9 ||     9
 Invoke: Potion Petition   |       |       |       |     3 ||     3
  Evoke: Wand              |     3 |     2 |     9 |     4 ||    18
    Use: Scroll            |     4 |       |    15 |     6 ||    25
         Potion            |       |       |     3 |     1 ||     4
   Stab: Distracted        |       |       |     1 |     1 ||     2
 Armour: Scale mail        |     4 |       |       |       ||     4
         Chain mail        |    49 |    81 |   150 |    11 ||   291
         Skin              |       |       |    12 |       ||    12
         Plate armour      |       |       |       |   203 ||   203
  Dodge: Dodged            |    33 |    59 |   143 |   111 ||   346
  Block: Buckler           |    16 |    33 |    58 |    99 ||   206

Table legend: (Time is in decaauts)
 A = Elapsed time spent in this place.
 B = Non-inter-level travel time spent in this place.
 C = Inter-level travel time spent in this place.
 D = Time resting spent in this place.
 E = Time spent auto-exploring this place.
 F = Levels seen in this place.
 G = Mean time per level.
                   A        B        C        D        E       F      G
               +--------+--------+--------+--------+--------+-----+--------+
         Total |  13016 |  12610 |    406 |    772 |   7821 |  14 |  929.7 |
       Dungeon |  12268 |  11862 |    406 |    772 |   7649 |  12 | 1022.3 |
        Temple |     70 |     70 |      0 |      0 |      0 |   1 |   70.0 |
         Sewer |    677 |    677 |      0 |      0 |    172 |   1 |  677.0 |
               +--------+--------+--------+--------+--------+-----+--------+

Top non-repeatable levels by time:
    D:10: 1900 daAuts
     D:8: 1224 daAuts
     D:6: 1112 daAuts
     D:9: 1039 daAuts
     D:4: 1033 daAuts
     D:3: 985 daAuts
    D:12: 879 daAuts
     D:2: 870 daAuts
    D:11: 858 daAuts
     D:1: 848 daAuts
     D:7: 772 daAuts
     D:5: 742 daAuts
   Sewer: 677 daAuts
  Temple: 70 daAuts
